Map: 2000 Atmospheres LE

Players

A.I. 1 (Very Hard) - Winner!

  • Race: Zerg Zerg
  • Spawn Location: 7:00

LiquidElazer (Elazer)

  • Race: Zerg Zerg
  • League: Master
  • Spawn Location: 3:00

VOD

Have the link to the VOD?

Description

Time

  • Played on: May 16, 2022, 2:40 p.m.
  • Length: 5:11
Show
View Real Time Build Order
Export as new Build Order

A.I. 1 (Very Hard) Zerg - Winner!

Build Orders: Hatch First 

Get SALT Encoding   

  12  0:00  Drone  
  13  0:12  Overlord  
  13  0:16  Drone  
  14  0:30  Drone x2  
  14  0:34  Drone  
  17  0:51  Hatchery  
  17  0:55  Drone  
  17  1:11  Spawning Pool  
  17  1:12  Extractor  
  17  1:15  Drone  
  16  1:19  Drone  
  16  1:22  Drone  
  18  1:28  Drone  
  19  1:38  Overlord  
  19  1:49  Drone  
  20  1:57  Queen  
  20  2:00  Zergling x2  
  23  2:03  Drone  
  24  2:14  Queen  
  26  2:17  Drone  
  27  2:29  Roach Warren  
  26  2:31  Extractor  
  26  2:32  Drone  
  26  2:35  Drone  
  27  2:42  Overlord  
  27  2:44  Drone  
  27  2:48  Drone  
  30  2:51  Drone  
  30  2:54  Drone  
  30  2:58  Drone  
  32  3:04  Zergling x4  
  34  3:12  Roach x2  
  38  3:16  Roach  
  42  3:20  Roach  
  42  3:22  Drone  
  42  3:24  Drone  
  44  3:30  Overlord  
  44  3:37  Lair  
  44  3:40  Metabolic Boost  
  44  3:45  Overlord  
  44  3:49  Drone  
  44  3:50  Drone  
  44  3:52  Drone  
  44  3:55  Zergling x2  
  48  3:57  Zergling x2  
  48  3:59  Zergling x2  
  48  4:01  Zergling x2  
  50  4:08  Drone, Evolution Chamber  
  50  4:13  Drone  
  50  4:14  Evolution Chamber  
  50  4:16  Drone  
  51  4:18  Drone  
  51  4:20  Drone  
  51  4:22  Drone  
  54  4:39  Drone, Hydralisk Den  
  54  4:43  Overlord  
  56  4:45  Roach  
  56  4:48  Roach  
  58  5:06  Extractor  
Show
View Real Time Build Order
Export as new Build Order

LiquidElazer Zerg 

Build Orders: Hatch First 

Get SALT Encoding   

  12  0:00  Drone  
  13  0:12  Overlord  
  13  0:17  Drone  
  14  0:30  Drone x2  
  16  0:48  Hatchery  
  15  0:51  Drone  
  15  0:54  Drone  
  17  0:57  Drone  
  18  1:08  Extractor  
  17  1:13  Spawning Pool  
  17  1:16  Drone  
  17  1:19  Drone  
  18  1:27  Drone  
  19  1:38  Drone  
  20  1:48  Overlord  
  20  1:59  Queen  
  20  2:00  Queen  
  20  2:01  Zergling x2, Drone  
  26  2:11  Drone x2  
  26  2:12  Metabolic Boost  
  28  2:21  Drone  
  28  2:22  Drone  
  30  2:32  Drone x2  
  30  2:36  Queen  
  34  2:43  Zergling x2  
  34  2:44  Overlord  
  35  2:51  Hatchery  
  34  2:56  Drone x2  
  36  3:04  Queen  
  38  3:07  Drone x4  
  42  3:14  Queen  
  42  3:17  Overlord  
  44  3:21  Overlord  
  44  3:29  Spore Crawler  
  44  3:30  Drone  
  44  3:39  Drone x3  
  44  3:41  Drone x4  
  51  3:43  Drone x3  
  51  3:47  Queen  
  56  3:51  Queen  
  56  3:54  Drone  
  60  3:55  Drone  
  60  4:01  Overlord  
  60  4:03  Drone x2  
  60  4:06  Queen  
  64  4:10  Drone x2  
  66  4:21  Extractor  
  66  4:22  Drone x7  
  66  4:23  Roach Warren  
  71  4:25  Overlord  
  71  4:26  Drone  
  71  4:29  Drone  
  73  4:33  Drone  
  73  4:36  Overlord  
  74  4:40  Extractor  
  74  4:41  Drone  
  74  4:44  Drone x5  
  79  4:48  Hatchery  
  78  4:54  Drone x3  
  78  4:55  Drone, Extractor  
  78  4:56  Extractor  
  80  5:02  Evolution Chamber  
  84  5:07  Extractor  
Tags
 
Add a new tag
Caveats
  • Supply blocks, unpowered buildings, or Contaminate may cause inaccurate times.
  • Supply counts are checked every 10 seconds.